[Event "Baku Open 2024"]
[Site "Baku"]
[Date "2024.07.06"]
[Round "8.1"]
[White "Narayanan S L"]
[Black "Puranik, Abhimanyu"]
[Result "1/2-1/2"]
[ECO "E60"]
[WhiteElo "2668"]
[BlackElo "2632"]
[Annotator "TA"]
[PlyCount "90"]
[EventDate "2024.06.29"]
[EventType "swiss"]
[EventCountry "AZE"]
[SourceTitle "playchess.com"]
[Source "ChessBase"]
[SourceQuality "1"]
[TimeControl "5400+30"]

1. d4 Nf6 2. c4 g6 3. h4 Bg7 4. Nc3 d6 5. e4 Nc6 6. Nf3 {[%emt 0:00:29] E60: King's Indian: Unusual lines and Fianchetto Variation without Nc3.} Bg4 7. d5 Ne5 8. Be2 Bxf3 9. gxf3 h5 10. f4 Ned7 11. Rg1 $5 $146 {[%emt 0:00:11][%mdl 8] New and interesting.} ({Predecessor:} 11. Be3 c6 12. Qb3 Qc7 13. f3 a6 14. a4 Rc8 15. a5 cxd5 16. exd5 O-O 17. Rg1 {0-1 Dzhumagaliev,Y (2411)-Burmakin,E (2179) RUS-ch Blitz 2023 (1)}) 11... c6 12. Be3 cxd5 13. cxd5 Ng4 14. Bd4 $1 Bf6 15. f3 Nh6 16. Bxf6 exf6 17. Qd2 $1 f5 18. O-O-O Qxh4 (18... fxe4 $16 {is a better defense.} 19. fxe4 (19. Nxe4 Qe7 $16) 19... Rc8 (19... Qxh4 $2 20. Nb5 $16)) 19. Nb5 $1 $18 Rc8+ 20. Kb1 Qf6 21. Nxa7 Rd8 22. Nb5 Kf8 23. Bd3 Kg7 24. Bc2 $1 fxe4 25. fxe4 Ng4 26. Rde1 Rhe8 (26... Qe7 $16 27. Bd1 Kg8) 27. Rgf1 $18 Qe7 {[%emt 0:02:11] [#]} (27... Nc5 $2 28. e5 dxe5 29. fxe5 $18) 28. e5 (28. Nc7 $1 $18 ) 28... dxe5 $16 29. d6 Qh4 (29... Ndf6 $142) 30. Nc7 $18 Rf8 $2 (30... Nh2) 31. f5 $18 Nc5 32. Qd5 b6 33. fxg6 fxg6 34. Ne6+ Nxe6 35. Qxe6 Qg5 36. Ba4 $4 (36. Qe7+ Qxe7 37. dxe7 Rxf1 38. exd8=Q (38. exd8=R $2 Rxe1+ 39. Rd1 Rxd1+ 40. Bxd1 Nf2 $19) 38... Rxe1+ 39. Bd1 Ne3 40. Qe7+ Kh6 41. Qf8+ Kg5 42. Qe7+ (42. Qd8+ Kf5 $11) 42... Kf5 43. Qf8+ Kg5 44. Qe7+ (44. Qd8+ Kf5 $11) 44... Kf5 45. Qf8+ Kg5 $11) (36. Rxf8 $18 {was the only winning move. White wants to mate with Qg8+.} Rxf8 37. d7) 36... Kh6 $2 ({Black should play} 36... Qd2 $19 {Hoping for ...Rxf1.} 37. Bc2 Qxd6 38. Rxf8 Qxe6 39. Rxd8 h4) 37. d7 ({White should try} 37. Rxf8 $1 $14 Rxf8 38. d7 Qf5+ 39. Qxf5 gxf5 40. Rd1) 37... Rxf1 38. Rxf1 Ne3 39. Rc1 Qf4 $1 40. Bc6 (40. Qxb6 $2 {perishes.} Rxd7 41. Rg1 (41. Bxd7 {leads to mate.} Qe4+ 42. Ka1 Nc2+ 43. Kb1 Na3+ 44. Ka1 Qb1+ 45. Rxb1 Nc2#) 41... Qf5+ (41... Qxa4 42. Qxg6#) 42. Ka1 Nc2+ 43. Kb1 (43. Bxc2 $2 Qxc2 44. Qe3+ Kh7 $19) 43... Nd4+ 44. Ka1 Rf7 $19) (40. Qc6 $11) 40... Qf5+ $15 41. Qxf5 Nxf5 42. Ba4 Nd6 43. Bc6 Nf5 44. Ba4 Nd6 (44... Nd4 $5 45. Rc8 $8 Ne6 $16) 45. Bc6 $1 {[%emt 0:00:04] [#]} Nf5 (45... Kg7 $1 $17 46. b4 h4) 1/2-1/2

[Event "Baku Open 2024"]
[Site "Baku"]
[Date "2024.07.06"]
[Round "8.2"]
[White "Movahed, Sina"]
[Black "Mamedov, Rauf"]
[Result "1-0"]
[ECO "C78"]
[WhiteElo "2482"]
[BlackElo "2651"]
[Annotator "TA"]
[PlyCount "95"]
[EventDate "2024.06.29"]
[EventType "swiss"]
[EventCountry "AZE"]
[SourceTitle "playchess.com"]
[Source "ChessBase"]
[SourceQuality "1"]
[TimeControl "5400+30"]

1. e4 e5 2. Nf3 Nc6 3. Bb5 a6 4. Ba4 Nf6 5. O-O Bc5 6. c3 b5 7. Bb3 d6 8. a4 Bb7 9. d4 Bb6 10. Be3 O-O {[%emt 0:01:49] The position is equal.} 11. Nbd2 exd4 12. cxd4 Nb4 13. a5 Ba7 14. Qb1 (14. Bg5 $11 {remains equal.} h6 15. Bh4) 14... h6 15. Re1 c5 16. h3 c4 17. Bc2 Re8 18. d5 Qc7 (18... Nh5 $17 19. Qd1 Qf6) 19. Ra3 (19. Bxa7 $11 Rxa7 20. Qc1) 19... Bc8 ({Black should play} 19... Bc5 $1 $17 {And now ...Nxc2 would win.} 20. Ra1 (20. Bxc5 dxc5 21. Bd1 Nh5 $17) 20... Re7) 20. Bxa7 Rxa7 21. Qc1 Nh5 22. Bb1 Bd7 $1 23. Nf1 Nf6 (23... f5 $1 $11 {keeps the balance.}) 24. Ng3 Nd3 25. Bxd3 cxd3 26. Qa1 ({Don't take} 26. Rxd3 $6 Qxc1 27. Rxc1 Nxe4 $14) 26... Qc4 27. Rc1 Qb4 28. Rxd3 Qa4 29. Rd4 Qxa1 30. Rxa1 Rc7 31. Re1 Rc2 32. b3 Rc3 33. Nd2 Rec8 34. Kh2 g5 {[%emt 0:00:00] [#]} (34... Rc1 $16 {is a better defense.} 35. Rxc1 Rxc1) 35. e5 $1 $18 dxe5 36. Rxe5 {Nde4 is the strong threat.} Kf8 37. Nge4 Nxe4 38. Nxe4 ({Worse is} 38. Rdxe4 Rd3 39. Nf3 f6 $11) ({Not} 38. Rexe4 f5 39. Re5 Re8 $14) 38... Rxb3 39. d6 Rd8 {[%emt 0:00:00] [#]} 40. Nc5 $1 Rc3 (40... Rb2 $142) 41. Nxa6 Rc4 (41... Ra3 {was worth a try.} 42. Nc5 Rxa5) 42. Rxc4 bxc4 {[%emt 0:00:00][%mdl 4096] Endgame. KRB-KRN} 43. Nc7 {a6 would now be deadly.} Bc8 44. a6 Bxa6 45. Nxa6 Rxd6 46. Nb8 Rd2 47. f3 c3 48. Rc5 {Weighted Error Value: White=0.12 (very precise) /Black=0.25 (precise) .  Mistake:       	White=2     	Black=6      Inaccurate:     	White=1     	Black=2      OK:         	White=19    	Black=19     Best:        	White=3     	---        Strong:       	White=1     	Black=1} 1-0

[Event "Baku Open 2024"]
[Site "Baku"]
[Date "2024.07.06"]
[Round "8.3"]
[White "Aditya Mittal"]
[Black "Zverev, Lev"]
[Result "1-0"]
[ECO "C78"]
[WhiteElo "2595"]
[BlackElo "2416"]
[Annotator "RC"]
[PlyCount "105"]
[EventDate "2024.06.29"]
[EventType "swiss"]
[EventCountry "AZE"]
[SourceTitle "playchess.com"]
[Source "ChessBase"]
[SourceQuality "1"]
[TimeControl "5400+30"]

1. e4 e5 2. Nf3 Nc6 3. Bb5 a6 4. Ba4 Nf6 5. O-O b5 6. Bb3 Bc5 7. a4 Rb8 8. c3 d6 9. d4 Bb6 10. a5 Ba7 11. h3 Bb7 12. Re1 O-O 13. Be3 Ra8 14. Nbd2 h6 15. Bc2 Re8 16. Ra3 exd4 17. cxd4 Nb4 18. Bb1 Nxe4 19. Nxe4 Bxe4 20. Bg5 hxg5 21. Rxe4 Rxe4 22. Bxe4 c6 23. Qd2 Nd5 24. Nxg5 Qe7 25. Rf3 Rf8 26. Bh7+ Kh8 27. Bc2 g6 28. h4 f5 29. g4 fxg4 30. Rxf8+ Qxf8 31. Ne6 Qe7 32. Qh6+ Qh7 33. Qg5 g3 34. Bxg6 gxf2+ 35. Kxf2 Qe7 36. Qh6+ Kg8 37. Bh7+ Kh8 38. Bf5+ Kg8 39. Bh7+ Kh8 40. Be4+ Kg8 41. Qg6+ Kh8 42. Qh6+ Kg8 43. Bxd5 cxd5 44. Qg6+ Kh8 45. Qh6+ Kg8 46. Qg6+ Kh8 47. Ke3 Bxd4+ 48. Kxd4 Qxh4+ 49. Kxd5 Qc4+ 50. Kxd6 Qb4+ 51. Kc6 Qxb2 52. Ng5 Qc2+ 53. Qxc2 1-0

[Event "Baku Open 2024"]
[Site "Baku"]
[Date "2024.07.06"]
[Round "8.4"]
[White "Ilamparthi A R"]
[Black "Abasov, Nijat"]
[Result "1/2-1/2"]
[ECO "C58"]
[WhiteElo "2446"]
[BlackElo "2621"]
[Annotator "TA"]
[PlyCount "48"]
[EventDate "2024.06.29"]
[EventType "swiss"]
[EventCountry "AZE"]
[SourceTitle "playchess.com"]
[Source "ChessBase"]
[SourceQuality "1"]
[TimeControl "5400+30"]

1. e4 e5 2. Nf3 Nc6 3. Bc4 Nf6 4. Ng5 d5 5. exd5 Na5 6. Bb5+ Bd7 7. Qe2 Be7 8. Bxd7+ Qxd7 9. Qxe5 (9. c4 $1 $11 {keeps the balance.}) 9... Nxd5 $17 {[%emt 0:07:21] [#] And now ...0-0-0 would win.} 10. Nf3 {[%emt 0:14:41] Black is better.} f6 {[%emt 0:05:48] Repels d4} (10... Nc6 $17 11. Qe4 f5) 11. Qe4 $11 f5 12. Qd3 Qe6+ (12... O-O-O $11) 13. Qe2 $14 Qg6 {[%emt 0:00:31][%cal Od5f4] [#]} 14. d4 $1 ({Inferior is} 14. Qb5+ c6 15. Qe2 (15. Qxa5 $2 {perishes.} Qxg2 16. Rg1 Qxf3 $19) 15... O-O $17 (15... Qxg2 16. Rg1 $15) (15... Nf4 16. Qd1 $15)) 14... O-O-O 15. O-O Rhe8 16. Ne5 (16. Nc3 $16) 16... Qb6 {[%emt 0:03:52] Prevents Qb5} 17. c3 Bf6 18. Na3 c5 (18... Bxe5 $14 19. dxe5 Nc6) 19. Qf3 ({White should play} 19. Qc2 $16) 19... g6 20. dxc5 Qxc5 21. Nd3 Qc6 22. Nf4 ({Better is} 22. Rd1 $14) 22... Nxf4 23. Qxf4 ({Don't play} 23. Qxc6+ Nxc6 24. Bxf4 g5 $15) 23... Re4 24. Qf3 Be7 {[%emt 0:00:21] Weighted Error Value: White=0.23 (precise) /Black=0.19 (very precise) .  Mistake:       	White=4     	Black=3      Inaccurate:     	White=1     	Black=3      OK:         	White=5     	Black=6      Best:        	White=1     	Black=1      Strong:       	White=1     	---} 1/2-1/2

[Event "Baku Open 2024"]
[Site "Baku"]
[Date "2024.07.06"]
[Round "8.5"]
[White "Samadov, Read"]
[Black "Manafov, Vugar"]
[Result "1/2-1/2"]
[ECO "E11"]
[WhiteElo "2503"]
[BlackElo "2430"]
[Annotator "TA"]
[PlyCount "65"]
[EventDate "2024.06.29"]
[EventType "swiss"]
[EventCountry "AZE"]
[SourceTitle "playchess.com"]
[Source "ChessBase"]
[SourceQuality "1"]
[TimeControl "5400+30"]

1. d4 Nf6 2. c4 e6 3. Nf3 Bb4+ 4. Nbd2 b6 5. a3 Bxd2+ 6. Bxd2 Bb7 7. e3 d5 8. Be2 dxc4 9. Bxc4 Nbd7 10. O-O O-O 11. Qe2 Ne4 12. Rfd1 c5 13. Be1 Qe7 14. Rac1 Rfd8 15. dxc5 bxc5 16. b4 cxb4 17. Bxb4 Qf6 (17... Ndc5 $1 $14 {is more appropriate.}) 18. Bb5 {[%emt 0:06:31] A strong pair of Bishops.} Bd5 19. Ba5 Nb6 20. Nd4 Qg5 {[%emt 0:05:15][%cal Oe4c3] ...Nc3! is the strong threat.} 21. f4 Qf6 22. Nc6 Rdc8 {[%emt 0:00:07] [#]} 23. Nxa7 $1 {[%emt 0:07:52] White is more active.} Nc3 (23... Rcb8 $16 {was called for.}) 24. Qd3 $2 (24. Bxb6 $2 {is the wrong capture.} Nxe2+ 25. Bxe2 Rxc1 26. Rxc1 Qb2 $19) (24. Rxc3 $18 Rxc3 25. Bxb6 Rxa3 26. Bd4) 24... Nxd1 $11 25. Nxc8 Nxc8 26. Qxd1 Nd6 (26... Qb2 $5 27. Bf1 (27. Qc2 Qxc2 28. Rxc2 Nd6 $17) 27... Qxa3 $11) 27. Bc3 (27. Qc2 $5) 27... Qg6 {[%emt 0:00:08] The position is equal.} 28. Bf1 Rxa3 29. Qc2 {[%emt 0:02:05] [#] Strongly threatening Bb4.} Ra2 30. Bb2 Qxc2 31. Rxc2 h5 32. Bd3 Be4 33. Be5 {[%emt 0:00:23] Weighted Error Value: White=0.20 (precise) /Black=0.16 (very precise) .  Missed win:     	White=1     	---        Mistake:       	---       	Black=2      Inaccurate:     	White=3     	Black=4      OK:         	White=9     	Black=7      Best:        	---       	Black=3      Strong:       	White=1     	---} 1/2-1/2

[Event "Baku Open 2024"]
[Site "Baku"]
[Date "2024.07.06"]
[Round "8.6"]
[White "Assaubayeva, Bibisara"]
[Black "Stribuk, Artiom"]
[Result "1-0"]
[ECO "D85"]
[WhiteElo "2472"]
[BlackElo "2422"]
[Annotator "TA"]
[PlyCount "99"]
[EventDate "2024.06.29"]
[EventType "swiss"]
[EventCountry "AZE"]
[SourceTitle "playchess.com"]
[Source "ChessBase"]
[SourceQuality "1"]
[TimeControl "5400+30"]

1. d4 Nf6 2. c4 g6 3. Nc3 d5 4. cxd5 Nxd5 5. e4 Nxc3 6. bxc3 Bg7 7. Nf3 c5 8. Bb5+ Nc6 9. O-O O-O 10. Bxc6 bxc6 11. Qc2 cxd4 12. cxd4 Bg4 13. Ne5 {[%emt 0:00:06] The position is equal.} Qxd4 14. Bb2 Qb6 15. Rab1 Bxe5 16. Bxe5 Qa5 17. Bc3 Qc5 18. h3 Be6 19. Kh2 Rab8 20. Rbc1 Qc4 21. f4 {[%emt 0:00:32][%cal Bf2f4,Bf4f5][%mdl 32] And now f5 would win. White is weak on the light squares} (21. a3 {simplifies} f6 22. Bb4 Qxc2 23. Rxc2 Kf7 24. Rxc6 Rfc8 25. Rfc1) 21... Qxa2 22. Qd1 $1 Rbd8 23. Qe1 {[%emt 0:01:57] Hoping for f5.} Rd3 24. f5 Bc8 25. Qh4 f6 26. Rf2 Qf7 27. Qf4 (27. Bb2 $11 {keeps the balance.}) 27... g5 $17 28. Qg4 h5 29. Qe2 {[%emt 0:00:17] [#]} Ba6 30. Qe1 g4 {[%emt 0:09:54] White must now prevent ...g3+.} 31. Rd2 {[%emt 0:01:41] [#]} g3+ (31... Rfd8 $1 $17 32. e5 Rxd2 33. Bxd2 Rd5) 32. Kh1 $11 {[%emt 0:01:31] Rxd3 is the strong threat.} Rfd8 33. e5 h4 34. Rxd3 Bxd3 35. Qd1 Qg7 36. exf6 exf6 37. Ba5 Rd4 38. Rxc6 Qb7 {[%emt 0:06:51] Prevents Rc8+.} (38... Bxf5 $2 39. Qxd4 Qd7 40. Qc4+ (40. Qxh4 $2 Qd1+) 40... Qf7 41. Qxh4 $18) (38... Qd7 $5 39. Rc7 $8 (39. Rxf6 $2 Bxf5 40. Qb3+ Kg7 $19) 39... Bc2 $11 (39... Qxf5 $2 40. Qb3+ Qd5 41. Qb8+ Qd8 42. Rc8 $18)) 39. Rc7 (39. Rxf6 Qb1 40. Qxb1 Bxb1 $17) 39... Bxf5 $2 {[%emt 0:01:47][%mdl 8192] This move loses the game for Black.} (39... Qb8 $15) 40. Qxd4 $18 {[%emt 0:00:00][%cal Rd4d8] White is clearly winning.} Qb1+ 41. Qg1 Qd3 42. Qc1 Be6 43. Bc3 Qf5 44. Qd1 (44. Rxa7 Bd5) 44... Bd5 45. Qg4+ (45. Rxa7 $2 {leads to mate.} Qxh3+ 46. Kg1 Qxg2#) 45... Qxg4 46. hxg4 h3 47. Be1 (47. Bxf6 Bxg2+ 48. Kg1 Be4 49. Rg7+ Kf8) 47... Bxg2+ 48. Kg1 Bf3 49. Bxg3 Bxg4 (49... a6 $142 50. Rc4 (50. Kh2 Bxg4 51. Rc6 Kf7 $18) 50... Kg7) 50. Rxa7 {[%emt 0:00:00] Weighted Error Value: White=0.10 (very precise) /Black=0.08 (flawless) .  Loses game:     	---       	Black=1      Mistake:       	White=1     	Black=1      Inaccurate:     	White=2     	Black=2      OK:         	White=16    	Black=15     Best:        	White=2     	Black=2      Strong:       	White=1     	---} 1-0

[Event "Baku Open 2024"]
[Site "Baku"]
[Date "2024.07.06"]
[Round "8.7"]
[White "Mamedov, Edgar"]
[Black "Babazada, Khazar"]
[Result "1/2-1/2"]
[ECO "E68"]
[WhiteElo "2410"]
[BlackElo "2468"]
[Annotator "TA"]
[PlyCount "115"]
[EventDate "2024.06.29"]
[EventType "swiss"]
[EventCountry "AZE"]
[SourceTitle "playchess.com"]
[Source "ChessBase"]
[SourceQuality "1"]
[TimeControl "5400+30"]

1. d4 Nf6 2. c4 g6 3. g3 Bg7 4. Bg2 O-O 5. Nc3 d6 6. Nf3 Nbd7 7. O-O e5 8. e4 exd4 9. Nxd4 Re8 10. h3 Nc5 11. Re1 h6 12. Rb1 c6 {[%emt 0:03:04] E68: King's Indian: Fianchetto: 6...Nbd7 7 0-0 e5 8 e4.} 13. Bf4 Nh5 14. Be3 Nf6 $146 ({Predecessor:} 14... Ne6 15. Nxe6 Bxe6 16. Qd3 f5 17. Bd4 Nf6 18. Rbd1 fxe4 19. Nxe4 Bf5 20. Nxf6+ Bxf6 {1-0 Seuffert,G (2085)-Ledfuss,G (1930) Regionalliga NW 9596 1995}) 15. Qc2 a5 16. Rbd1 Nfd7 17. b3 Qb6 18. Nde2 Qb4 19. Bd2 (19. Rxd6 $6 Nxe4 $11) 19... Qb6 20. Be3 Qb4 $1 21. Bd4 (21. Rxd6 $6 Nxe4 $11) 21... a4 22. Bxg7 Kxg7 23. Nd4 (23. Rxd6 axb3 24. axb3 Ra3 $17) 23... axb3 24. axb3 Ne6 25. Nde2 h5 26. h4 (26. f4 $14) 26... Ne5 27. Rd2 Ra3 (27... g5 {keeps more tension.} 28. Na2 Qc5 29. hxg5 Rh8) 28. Rb1 Kg8 29. Na2 Qa5 30. Nac1 Rd8 31. Qb2 Qa7 32. Qc3 Nc5 33. Nd4 Be6 34. Nxe6 Nxe6 35. Ne2 Qc5 ({Better is} 35... Ra2 $15) 36. Rbd1 (36. Bh3 $11) 36... b5 $17 37. cxb5 Qxc3 ({Don't play} 37... cxb5 $6 38. Qxc5 Nxc5 39. b4 $11) ({Of course not} 37... Qxb5 $6 38. Nc1 $11) 38. Nxc3 Rxb3 39. Rc2 c5 (39... cxb5 $19 {Threatens to win with ...Rc8.} 40. Nd5 Rb8) 40. Ne2 (40. Rb1 $11 c4 41. Rd1) 40... Rxb5 $17 41. Rcd2 Nc4 (41... c4 $142 42. f4 Nd3) 42. Rc2 $17 Rb4 43. Bh3 Re8 (43... Nb2 $17 44. Re1 Nd3) 44. Bxe6 $1 $11 fxe6 45. Rc3 {[%emt 0:00:13] [#]} (45. Nf4 $11 {remains equal.}) 45... d5 ({Black should play} 45... Reb8 $1 $17 46. Kg2 (46. Nc1 e5) 46... Ra4) 46. exd5 $11 exd5 47. Nf4 d4 48. Rcc1 Nb2 49. Rd2 Rb5 50. Nd5 $1 Re5 51. Nf6+ Kf7 (51... Kg7 $5 52. Nd7 $8 Rf5 $11 (52... Rd5 53. Nxc5 Rbxc5 54. Rxc5 $11)) 52. Nd7 Rd5 53. Nxc5 $1 Rbxc5 54. Rxc5 Rxc5 55. Rxb2 Ke6 56. Kf1 d3 57. Ke1 Re5+ 58. Kd1 1/2-1/2

[Event "Baku Open 2024"]
[Site "Baku"]
[Date "2024.07.06"]
[Round "8.8"]
[White "Shuvalova, Polina"]
[Black "Ibrahimli, Murad"]
[Result "1/2-1/2"]
[ECO "B33"]
[WhiteElo "2467"]
[BlackElo "2400"]
[Annotator "TA"]
[PlyCount "95"]
[EventDate "2024.06.29"]
[EventType "swiss"]
[EventCountry "AZE"]
[SourceTitle "playchess.com"]
[Source "ChessBase"]
[SourceQuality "1"]
[TimeControl "5400+30"]

1. e4 c5 2. Nf3 Nc6 3. d4 cxd4 4. Nxd4 Nf6 5. Nc3 e5 6. Ndb5 d6 7. Bg5 a6 8. Na3 Be6 9. Nc4 {[%emt 0:01:33] B33: Sicilian: Pelikan and Sveshnikov Variations.} Rb8 10. a4 Be7 11. Bxf6 Bxf6 12. Nxd6+ Kf8 13. Nc4 Qd4 14. Qxd4 exd4 15. Nd5 $146 ({Predecessor:} 15. Nb1 Nb4 16. Nba3 Rc8 17. O-O-O Rc5 18. Kb1 g5 19. e5 Bxe5 20. Nxe5 Rxe5 21. Bc4 Bxc4 22. Nxc4 {½-½ Efroimski,M (2434)-Orian,N (2052) ISR-ch op Acre 2024 (3)}) 15... Bxd5 $1 16. exd5 Nb4 17. Bd3 Nxd5 18. a5 g6 19. Ke2 Kg7 20. Kf3 Rhc8 21. Rhe1 Rc6 22. Ra4 Rd8 23. g3 Kf8 24. h4 Be7 25. Re2 Nc7 26. Kg2 Ne6 27. Ne5 Rc7 28. Rc4 Bd6 29. f4 Kg7 30. Kf3 Rdc8 31. b3 Re8 32. h5 (32. Kg2 {simplifies} Kf8 33. Rxc7 Bxc7 34. Nd7+) 32... gxh5 33. Rh2 (33. Rxc7 $5 Bxc7 34. Rh2 Ng5+ (34... Bxa5 35. Rxh5 Nc5 36. Bxh7 $16) 35. Kf2 $14) 33... Bxe5 34. fxe5 Rd7 35. Rxh5 h6 36. Rf5 Rd5 37. b4 Rb5 38. Ke4 b6 39. Rc6 Rxb4 40. axb6 (40. Bxa6 $2 Nc5+ (40... bxa5 41. Bc4 $11) 41. Rxc5 bxc5 $19) 40... Rb8 41. Bxa6 (41. Bc4 {simplifies} R8xb6 42. Rxb6 Rxb6 43. Bxe6 fxe6 44. Rf6) 41... d3+ $1 42. c4 (42. Kxd3 $11 Nd4 43. Rxf7+ Kxf7 44. Bc4+ (44. Rxh6 $2 Ne6 $19) 44... Ke8 45. Rxh6 (45. Kxd4 R4xb6 46. Rc7 R6b7 $11) 45... R8xb6 46. Rxb6 (46. Rh8+ Ke7 $11) 46... Rxb6 47. Kxd4) 42... d2 $15 (42... R4xb6 43. Rxb6 Rxb6 44. Bb5 $11) 43. Rf1 R8xb6 ({Reject} 43... R4xb6 44. Rxb6 Rxb6 45. Bb5 $11) (43... Rd8 $1 $15 44. Rd6 (44. Rd1 $2 Ng5+ 45. Ke3 Rb3+ 46. Ke2 Ne4 $19) 44... Rxd6 (44... Nc5+ 45. Kd4 $11) 45. exd6 Rxb6) 44. Rxb6 $11 Rxb6 45. Bb5 Nc7 46. Rd1 Nxb5 47. cxb5 Rxb5 48. Rxd2 1/2-1/2

[Event "Baku Open 2024"]
[Site "Baku"]
[Date "2024.07.06"]
[Round "8.9"]
[White "Ahmadzada, Ahmad"]
[Black "Talibov, Shiroghlan"]
[Result "1-0"]
[ECO "B50"]
[WhiteElo "2481"]
[BlackElo "2361"]
[Annotator "TA"]
[PlyCount "131"]
[EventDate "2024.06.29"]
[EventType "swiss"]
[EventCountry "AZE"]
[SourceTitle "playchess.com"]
[Source "ChessBase"]
[SourceQuality "1"]
[TimeControl "5400+30"]

1. e4 c5 2. Nf3 d6 3. c3 Nf6 4. h3 g6 5. Bd3 Bg7 6. O-O O-O 7. Bc2 e5 8. d4 cxd4 9. cxd4 exd4 10. Nxd4 {[%emt 0:00:30] The position is equal.} d5 11. e5 Ne4 {[%emt 0:00:11] Inhibits Bg5.} 12. Bf4 Qb6 (12... Nd7 $11) 13. Nc3 $14 Nxc3 14. bxc3 Nc6 15. Re1 Re8 16. Be3 (16. Rb1 $14 Qc5 17. Ba4) 16... Nxd4 (16... Nxe5 17. Nf5 Qc6 18. Nxg7 Kxg7 19. h4) (16... Rxe5 $6 17. Nf3 Qa5 18. Nxe5 Bxe5 19. Bd2 $16) (16... Bxe5 $11 17. Nf3 Qd8) 17. cxd4 Be6 18. f4 f5 19. Rb1 Qc7 20. g4 Qf7 21. gxf5 gxf5 22. Kh2 Kh8 23. Rg1 Bh6 24. Qe1 Qe7 25. Qe2 Qh4 {[%emt 0:03:00] Against Qh5} 26. Qf2 (26. Qf3 $14) 26... Qxf2+ $11 27. Bxf2 Rec8 $1 28. Bd3 Rc7 (28... Rc3 $11 {keeps the balance.} 29. Bh4 Rf8 (29... Rxd3 30. Bf6+) (29... Bxf4+ $2 30. Kh1 $18)) 29. Bh4 $1 $36 {[%emt 0:02:09][%mdl 2048] White is on the roll.} Rg8 (29... Bxf4+ $2 30. Kh1 Rf8 31. Bf6+ Rxf6 32. exf6 $18) 30. Bf6+ Bg7 31. Bg5 {[%emt 0:00:37] White is much more active.} Rc3 32. Rgd1 Rc7 (32... b6 $142) 33. Rd2 h6 34. Bh4 Bf8 (34... b6 $16 35. a4 h5) 35. Bd8 Rf7 36. Bf6+ Bg7 37. Bh4 Rc7 38. a4 b6 {[%emt 0:03:32][%cal Bb7b6,Bb6a5][%mdl 32] [#]} 39. a5 $1 bxa5 40. Ra2 Rc3 41. Rd1 Rb8 42. Be1 Rc7 43. Rxa5 Bf8 44. Ra6 Rb2+ 45. Kg1 Rb6 ({Black should try} 45... Bc8 46. Raa1 Rb3) 46. Rda1 Rb3 47. Rd1 (47. Rxa7 $2 Rxa7 48. Rxa7 Rxd3 $19) 47... Rb6 {[%emt 0:00:00] [#]} 48. Ra4 (48. Rxb6 $142 $1 axb6 49. Rb1) 48... Rg7+ 49. Kf1 Rgb7 50. Ra2 Bb4 51. Bh4 Bc3 52. Bf6+ (52. Bd8 $16 Rb4 53. Ra6) 52... Kh7 $14 {[%emt 0:00:15] [#]} 53. Be2 (53. Bd8 $1 $16 Rb4 54. Ra6) 53... Rb1 $11 54. Ra6 Rxd1+ 55. Bxd1 Bd7 {[%emt 0:00:00] Strongly threatening ...Bb5+.} 56. Rd6 {[%emt 0:00:47][%cal Od6d7] Hoping for Rxd7+!} Bb5+ 57. Kg2 {[%emt 0:00:17] And now Bc2 would win.} Rd7 $2 (57... Be8 $1 $11 58. Re6 (58. Rxd5 $2 {perishes.} Bc6 $19) 58... Rb2+ 59. Kh1 Bf7) 58. Re6 Bd3 {[%emt 0:00:38] Against Bc2} (58... Rf7 $142) 59. Rc6 Bb4 (59... Be4+ 60. Kf1 Bd3+ 61. Kf2 (61. Be2 Bxe2+ 62. Kxe2 Bb4 $16) 61... Bxd4+ 62. Kg3 Rf7) 60. Bh5 {[%emt 0:00:28] Black must now prevent Rc8.} Be4+ (60... Bf8 $142 61. Rc8 Bg7) 61. Kf2 $18 Bf8 62. Rc8 Bg7 63. e6 {[%emt 0:00:24] Threatening mate with e7.} Rb7 64. e7 {[%emt 0:00:36] White mates.} Bxf6 65. e8=Q ({Stronger than} 65. e8=R Bxd4+ 66. Ke2 Rb2+ 67. Kd1 Rb1+ 68. Rc1 Rxc1+ 69. Kxc1 Be3+ 70. Kd1 Kg7 $15) 65... Bxd4+ 66. Ke1 {[%emt 0:00:17] Weighted Error Value: White=0.26 (precise) /Black=0.42.  Mistake:       	White=5     	Black=10     Inaccurate:     	White=3     	Black=5      OK:         	White=14    	Black=20     Best:        	White=1     	Black=3      Strong:       	White=1     	Black=1} 1-0

[Event "Baku Open 2024"]
[Site "Baku"]
[Date "2024.07.06"]
[Round "8.10"]
[White "Pranav Vijay"]
[Black "Agmanov, Zhandos"]
[Result "1/2-1/2"]
[ECO "A07"]
[WhiteElo "2252"]
[BlackElo "2464"]
[Annotator "RC"]
[PlyCount "148"]
[EventDate "2024.06.29"]
[EventType "swiss"]
[EventCountry "AZE"]
[SourceTitle "playchess.com"]
[Source "ChessBase"]
[SourceQuality "1"]
[TimeControl "5400+30"]

1. Nf3 Nf6 2. g3 e6 3. Bg2 d5 4. O-O Be7 5. d3 O-O 6. Bf4 c5 7. e4 Nc6 8. a4 b6 9. Na3 Bb7 10. e5 Nd7 11. Re1 a6 12. c3 Qc7 13. h4 Rfc8 14. h5 h6 15. Nh2 Qd8 16. Ng4 Bf8 17. Bd2 Rab8 18. f4 Ne7 19. Kh2 Nf5 20. Nc2 d4 21. Bxb7 Rxb7 22. c4 b5 23. axb5 axb5 24. Na3 bxc4 25. Nxc4 Ra8 26. Qf3 Rba7 27. Ra3 Nb6 28. Rxa7 Rxa7 29. Ba5 Qd5 30. Qxd5 Nxd5 31. Kg2 Rb7 32. Ra1 Rb3 33. Ra3 Nfe3+ 34. Ngxe3 Nxe3+ 35. Kf3 Nxc4 36. Rxb3 Nxa5 37. Rb6 c4 38. Ke2 Be7 39. g4 Bh4 40. Ra6 cxd3+ 41. Kxd3 Nb3 42. Ra3 Nc5+ 43. Kxd4 Bf2+ 44. Kc4 Nd7 45. Kb5 Nb6 46. Rf3 Bg1 47. Kc6 Nd5 48. f5 Bd4 49. fxe6 fxe6 50. Kd6 Bxb2 51. Kxe6 Nb6 52. Rb3 Nc4 53. Kf5 Bxe5 54. Rb4 Kh7 55. Rxc4 Bf6 56. Rc6 Bb2 57. Ke6 Bf6 58. Kf7 Bd4 59. Ke6 Bf6 60. Kf5 Bb2 61. g5 hxg5 62. Kxg5 Bd4 63. Re6 Bb2 64. Kf5 Bc1 65. Re2 Bh6 66. Ke6 Bg5 67. Rg2 Bf6 68. Kf5 Bd4 69. Rg4 Be3 70. Rg3 Bc1 71. Ke6 Bb2 72. Kf7 Be5 73. Rg6 Bd4 74. Rg4 Bc3 1/2-1/2